 Dungeon Crawl Stone Soup version bcrawl-1.13.5 (webtiles) character file.

Game seed: 1774031679573680625

1412 DawwaD the Cleaver (level 8, 0/73 HPs)
             Began as a Minotaur Berserker on Aug 28, 2019.
             Was an Elder of Trog.
             Slain by a gnoll
             ... wielding a +0 halberd
              (3 damage)
             ... on level 6 of the Dungeon.
             The game lasted 00:19:48 (4683 turns).

DawwaD the Cleaver (Minotaur Berserker)             Turns: 4683, Time: 00:19:48

Health: 0/73       AC: 13    Str: 23    XL:     8   Next: 43%
Magic:  7/7        EV:  9    Int:  4    God:    Trog [****..]
Gold:   371        SH:  9    Dex: 11    Spells: 7/7 levels left

rFire    + . .     SeeInvis +   i - +2 war axe (freeze)
rCold    . . .     Gourm    .   f - +0 shield
rNeg     . . .     Faith    .   u - +2 scale mail {rF+}
rPois    .         Spirit   .   (helmet restricted)
rElec    .         Reflect  .   q - +0 cloak
rCorr    .         Harm     .   h - +0 pair of gloves
MR       +....                  y - +0 pair of boots
Stlth    ..........             (no amulet)
HPRegen  0.22/turn              e - ring of see invisible
MPRegen  0.10/turn              v - ring of protection from magic

@: lethally poisoned (0 -> -35), berserk cooldown, slowed, very slow
A: retaliatory headbutt, horns 2
a: Berserk, Trog's Hand, Brothers in Arms, Renounce Religion


You were on level 6 of the Dungeon.
You worshipped Trog.
Trog was greatly pleased with you.
You were not hungry.

You visited 1 branch of the dungeon, and saw 6 of its levels.

You collected 371 gold pieces.

Inventory:

Hand Weapons
 i - a +2 war axe of freezing (weapon)
Armour
 f - a +0 shield (worn)
 h - a +0 pair of gloves (worn)
 q - a +0 cloak (worn)
 u - a +2 scale mail of fire resistance (worn)
 y - a +0 pair of boots (worn)
Jewellery
 e - a ring of see invisible (left hand)
 n - an uncursed ring of protection from fire
 v - a ring of protection from magic (right hand)
Scrolls
 b - a scroll of blinking {unknown}
 d - a scroll of enchant weapon
 g - 2 scrolls of identify
 m - 3 scrolls of teleportation
 o - 5 scrolls of remove curse
 s - a scroll of fear
 w - a scroll of noise {unknown}
 x - a scroll of immolation {unknown}
 z - a scroll of magic mapping
Potions
 a - a potion of resistance
 j - a potion of might {unknown}
 k - 2 potions of heal wounds
 l - a potion of brilliance
 p - 3 potions of curing
 r - 3 potions of flight
 t - a potion of magic
Comestibles
 c - 10 rations {!d}


   Skills:
 + Level 7.0 Fighting
 + Level 9.2 Axes
 + Level 5.6 Armour
 + Level 3.0 Dodging
 + Level 0.1 Stealth
 + Level 3.6 Shields


You had 7 spell levels left.
You didn't know any spells.
Your spell library was empty.

Dungeon Overview and Level Annotations

Branches:
Dungeon (6/12)
 Temple: D:4-7

Altars:
Lugonu
Trog
Wu Jian
Yredelemnul

Annotations:
D:6 1 transporter


Innate Abilities, Weirdness & Mutations

You reflexively headbutt those who attack you in melee.
You have a pair of horns on your head.


Message History

You tear a large gash into the net.
* * * LOW HITPOINT WARNING * * *
You feel very sick.
The gnoll sergeant hits you but does no damage.
The gnoll barely misses you. The gnoll hits you but does no damage.
The gnoll sergeant hits you but does no damage.
You shred the net and break free!
* * * LOW HITPOINT WARNING * * *
You feel very sick. The gnoll closely misses you. You block the gnoll's attack.
You block the gnoll sergeant's attack.
You hit the gnoll. You freeze the gnoll.
The gnoll is heavily wounded.
* * * LOW HITPOINT WARNING * * *
You feel very sick.
The gnoll hits you with a +0 halberd of venom!
* * * LOW HITPOINT WARNING * * *
You are more poisoned.
The gnoll hits you from afar with a +0 halberd.
You die...

.....................# #
≈≈≈≈≈≈...≈≈≈≈≈≈≈≈≈≈≈.# #
≈≈≈≈≈≈...≈≈≈≈≈≈≈≈≈≈≈.# #
##...........#####≈≈.# #
.#.###.§.###%#.8.#≈≈.# # #
#.#####.###...#≈≈.##### #
.gg......g###≈≈†....# #
##'######g#8.≈≈.....######
#8.P#P⌠P#@##.≈≈..........#
#⌠©...gg'/.#.≈≈.########..
#8.P#P⌠P#.##.≈≈.# #..
##+######.#8.≈≈.# #..
..........###≈≈.# #..
©#####.###...#≈≈.# #.# #
#.©.###.#.8.# # #.#
...%....##### ..#
≈≈≈≈≈≈≈≈≈≈ ##<


You could see a gnoll sergeant and 3 gnolls.

Vanquished Creatures
  Sigmund (D:2)
  A sky beast (D:5)
  A bullfrog (D:6)
  2 scorpions
  3 wights (D:4)
  4 crimson imps
  A hound (D:4)
  2 centaur skeletons
  A gnoll shaman (D:6)
  An orc priest (D:6)
  2 jellies
  Jessica (D:2)
  3 worker ants
  4 orc wizards
  7 gnolls (D:6)
  10 adders
  A howler monkey skeleton (D:5)
  4 adder skeletons
  7 worms
  4 dart slugs
  3 leopard geckos
  18 orcs
  2 ball pythons
  2 giant cockroaches
  4 goblins
  11 hobgoblins
  10 jackals
  2 quokkas
  10 bats
  A frilled lizard (D:3)
  10 kobolds
  A leopard gecko skeleton (D:3)
  3 rats
137 creatures vanquished.

Notes
Turn   | Place    | Note
-------+----------+-------------------------------------------
     0 | D:1      | DawwaD the Minotaur Berserker began the quest for the Orb.
     0 | D:1      | Reached XP level 1. HP: 19/19 MP: 0/0
   394 | D:1      | Reached XP level 2. HP: 27/27 MP: 1/1
   410 | D:1      | Reached skill level 4 in Axes
   761 | D:2      | Reached XP level 3. HP: 34/34 MP: 2/2
   771 | D:2      | Noticed Sigmund
   783 | D:2      | Killed Sigmund
   783 | D:2      | Reached skill level 5 in Fighting
   783 | D:2      | Reached skill level 5 in Axes
   783 | D:2      | Reached skill level 1 in Shields
   783 | D:2      | Reached XP level 4. HP: 42/42 MP: 3/3
   783 | D:2      | Reached XP level 5. HP: 48/48 MP: 4/4
   993 | D:2      | Noticed Jessica
   998 | D:2      | Killed Jessica
  1090 | D:2      | Reached ** piety under Trog
  1546 | D:2      | Found a basalt altar of Yredelemnul.
  1614 | D:3      | Reached XP level 6. HP: 47/56 MP: 5/5
  1733 | D:3      | Reached skill level 6 in Axes
  2376 | D:3      | Reached *** piety under Trog
  2680 | D:4      | Found an ornate altar of the Wu Jian Council.
  2697 | D:4      | Reached XP level 7. HP: 51/62 MP: 6/6
  2707 | D:4      | Reached skill level 7 in Axes
  2708 | D:4      | Found a bloodstained altar of Trog.
  3519 | D:5      | Entered Level 5 of the Dungeon
  3596 | D:5      | Reached skill level 8 in Axes
  3810 | D:5      | Found a corrupted altar of Lugonu.
  4105 | D:5      | Reached skill level 5 in Armour
  4107 | D:5      | Reached XP level 8. HP: 62/70 MP: 7/7
  4359 | D:6      | Reached **** piety under Trog
  4414 | D:6      | Reached skill level 9 in Axes
  4641 | D:6      | Found a transporter.
  4653 | D:6      | Found a transporter.
  4683 | D:6      | HP: 3/73 [gnoll/+0 halberd of venom (8)]
  4683 | D:6      | Slain by a gnoll

Skill      XL: |  1  2  3  4  5  6  7  8 |
---------------+-------------------------+-----
Axes           | 4 5 6 8 9 |  9.2
Fighting       | 4 5 6 7 |  7.0
Armour         | 3 4 5 |  5.6
Shields        | 1 2 3 |  3.6
Dodging        | 3 |  3.0
Stealth        | |  0.1

Action                   |  1- 3 |  4- 6 |  7- 9 || total
-------------------------+-------+-------+-------++-------
Melee: Hand axe          |    45 |   156 |       ||   201
       Headbutt          |     5 |    37 |    25 ||    67
       War axe           |       |    39 |   115 ||   154
       Unarmed           |       |       |     7 ||     7
Invok: Berserk           |     1 |     1 |     3 ||     5
  Use: Scroll            |     3 |     6 |     3 ||    12
       Potion            |       |     6 |     1 ||     7
  Eat: Chunk             |       |     8 |     3 ||    11
       Ration            |       |       |     2 ||     2
Armor: Chain mail        |    33 |    38 |       ||    71
       Scale mail        |       |    40 |    48 ||    88
       Skin              |       |       |     1 ||     1
Dodge: Dodged            |    16 |    57 |    68 ||   141
Block: Shield            |    18 |    81 |    51 ||   150
